 Dungeon Crawl Stone Soup version 0.23.1-42-g8abd8fc (webtiles) character file.

Game seed: 0

453225 GuyDeFluk the Slayer (level 24, -39/171 HPs)
             Began as a Gargoyle Fighter on Mar 19, 2019.
             Was the Champion of Okawaru.
             Killed from afar by a deep elf sorcerer (41 damage)
             ... with damnation
             ... on level 3 of the Elven Halls on Mar 30, 2019.
             The game lasted 12:56:18 (49330 turns).

GuyDeFluk the Slayer (Gargoyle Fighter)            Turns: 49330, Time: 12:56:19

Health: -39/171    AC: 45    Str: 61      XL:     24   Next: 33%
Magic:  24/24      EV: 14    Int:  8 (9)  God:    Okawaru [******]
Gold:   2320       SH: 30    Dex: 25      Spells: 23/23 levels left

rFire    + . .     SeeInvis .   G - +8 eveningstar "Xyzik" {flame, rPois Str+6}
rCold    . . .     Gourm    .   O - +5 shield of the Townfolk {rN+ Str+6}
rNeg     + + .     Faith    .   R - +0 crystal plate armour of Okawaru's Reproof {+Inv Dex+4}
rPois    ∞         Spirit   .   X - +1 hat "Notaah" {-Cast MR+ Str+4 Dex+2}
rElec    +         Reflect  +   F - +2 cloak {MR+}
rCorr    .         Harm     .   H - +0 pair of gloves of Eternity {rPois Str+10 Dex+3}
MR       ++++.     NoCast   +   U - +0 pair of boots {Stlth+}
Stlth    ..........             E - +4 amulet of reflection
HPRegen  0.38/turn              a - ring of protection from magic
MPRegen  0.19/turn              v - ring of protection from fire

@: mighty, agile, corroded
A: big wings, thin skeletal structure 1, blurry vision 1, dopey 1, negative
energy resistance 1, electricity resistance, unbreathing, petrification
resistance, rot immunity, AC +18
}: 2/15 runes: decaying, serpentine
a: Fly, Heroism, Finesse, Renounce Religion, Evoke Invisibility


You were on level 3 of the Elven Halls.
You worshipped Okawaru.
Okawaru was exalted by your worship.
You were not hungry.

You visited 8 branches of the dungeon, and saw 39 of its levels.
You visited the Abyss 1 time.
You also visited: Sewer and Ice Cave.

You collected 4610 gold pieces.
You spent 2290 gold pieces at shops.

Inventory:

Hand Weapons
 h - a +4 eveningstar of pain
 G - the +8 eveningstar "Xyzik" (weapon) {flame, rPois Str+6}
   (You acquired it on level 10 of the Dungeon)

   It has been specially enchanted to burn those struck by it, causing extra
   injury to most foes and up to half again as much damage against particularly
   susceptible opponents.
   It affects your strength (+6).
   It protects you from poison.
Missiles
 Z - 15 tomahawks of returning (quivered)
Armour
 c - a +3 plate armour of cold resistance
 D - a +3 plate armour of fire resistance
 F - a +2 cloak of magic resistance (worn)
 H - the +0 pair of gloves of Eternity (worn) {rPois Str+10 Dex+3}
   (Okawaru gifted it to you on level 3 of the Snake Pit)

   It affects your strength (+10).
   It affects your dexterity (+3).
   It protects you from poison.
 O - the +5 shield of the Townfolk (worn) {rN+ Str+6}
   (Okawaru gifted it to you on level 4 of the Lair of Beasts)

   It affects your strength (+6).
   It protects you from negative energy.
 R - the +0 crystal plate armour of Okawaru's Reproof (worn) {+Inv Dex+4}
   (Okawaru gifted it to you on level 6 of the Lair of Beasts)

   It affects your dexterity (+4).
   It lets you turn invisible.
 U - a +0 pair of boots of stealth (worn)
 W - a scarf of cloud immunity
 X - the +1 hat "Notaah" (worn) {-Cast MR+ Str+4 Dex+2}
   (You found it on level 1 of the Orcish Mines)

   It affects your strength (+4).
   It affects your dexterity (+2).
   It affects your resistance to hostile enchantments.
   It prevents spellcasting.
Jewellery
 a - a ring of protection from magic (left hand)
 d - an uncursed ring of resist corrosion
 j - an uncursed ring of protection from magic
 m - an uncursed ring of protection from cold
 v - a ring of protection from fire (right hand)
 x - a +6 ring of evasion
 E - a +4 amulet of reflection (around neck)
 I - an uncursed amulet of regeneration
 M - an uncursed ring of protection from cold
 Y - the ring "Hero's Friend" {rF+ EV-4 Int+4 Dex+3 Stlth+}
   (You found it on level 1 of the Orcish Mines)

   [ring of evasion]

   It affects your evasion (-4).
   It affects your intelligence (+4).
   It affects your dexterity (+3).
   It protects you from fire.
   It makes you more stealthy.
Wands
 i - a wand of acid (15)
 n - a wand of flame (68)
 y - a wand of disintegration (34)
 A - a wand of iceblast (23)
 B - a wand of polymorph (20)
 J - a wand of paralysis (19)
 K - a wand of digging (8)
 L - a wand of enslavement (49)
Scrolls
 g - 11 scrolls of enchant armour
 o - 8 scrolls of teleportation
 p - 19 scrolls of remove curse
 q - 2 scrolls of magic mapping
 t - a scroll of fog
 u - 2 scrolls of enchant weapon
 z - 21 scrolls of identify
 P - a scroll of amnesia
 Q - a scroll of blinking
 S - 3 scrolls of fear
Potions
 e - 13 potions of curing
 k - a potion of invisibility
 r - 5 potions of berserk rage
 w - 2 potions of resistance
 N - 4 potions of ambrosia
 T - a potion of cancellation
 V - 3 potions of magic
Comestibles
 f - 21 rations


   Skills:
 * Level 23.2 Fighting
 - Level 20.7 Maces & Flails
 + Level 19.4 Armour
 + Level 19.4 Shields
 - Level 1.5 Invocations


You had 23 spell levels left.
You didn't know any spells.
Your spell library contained the following spells:

 Spells                   Type           Power        Failure   Level  Hunger
 Apportation              Tloc           #.....       82%         1    ##.....
 Beastly Appendage        Tmut           #.....       82%         1    ##.....
 Confusing Touch          Hex            #.....       82%         1    ##.....
 Flame Tongue             Conj/Fire      #....        82%         1    ##.....
 Infusion                 Chrm           #...         82%         1    ##.....
 Magic Dart               Conj           #...         82%         1    ##.....
 Shock                    Conj/Air       #...         82%         1    ##.....
 Sting                    Conj/Pois      #...         82%         1    ##.....
 Summon Butterflies       Summ           #.......     82%         1    ##.....
 Summon Small Mammal      Summ           #...         82%         1    ##.....
 Blink                    Tloc           N/A          91%         2    ###....
 Call Imp                 Summ           #.......     91%         2    ###....
 Poisonous Vapours        Pois/Air       #.....       91%         2    ###....
 Searing Ray              Conj           #.....       91%         2    ###....
 Slow                     Hex            #.......     91%         2    ###....
 Sticks to Snakes         Tmut           #.......     91%         2    ###....
 Swiftness                Chrm/Air       #.......     91%         2    ###....
 Throw Flame              Conj/Fire      #.....       91%         2    ###....
 Throw Frost              Conj/Ice       #.....       91%         2    ###....
 Call Canine Familiar     Summ           #.......     99%         3    ####...
 Confuse                  Hex            #.......     99%         3    ####...
 Conjure Flame            Conj/Fire      #.......     99%         3    ####...
 Dazzling Spray           Conj/Hex       #.....       99%         3    ####...
 Gell's Gravitas          Tloc           #.........   99%         3    ####...
 Ignite Poison            Fire/Tmut/Pois #.......     99%         3    ####...
 Inner Flame              Hex/Fire       #.......     99%         3    ####...
 Lesser Beckoning         Tloc           #.........   99%         3    ####...
 Mephitic Cloud           Conj/Pois/Air  #.......     99%         3    ####...
 Ozocubu's Armour         Chrm/Ice       #.......     99%         3    ####...
 Spider Form              Tmut/Pois      #.........   99%         3    ####...
 Static Discharge         Conj/Air       #.......     99%         3    ####...
 Summon Guardian Golem    Hex/Summ       #.......     99%         3    ####...
 Tukima's Dance           Hex            #.......     99%         3    ####...
 Airstrike                Air            #.........   100%        4    #####..
 Force Lance              Conj/Tloc      #.......     100%        4    #####..
 Fulminant Prism          Conj/Hex       #.........   100%        4    #####..
 Ice Form                 Ice/Tmut       #.......     100%        4    #####..
 Iskenderun's Mystic Bla  Conj           #.......     100%        4    #####..
 Olgreb's Toxic Radiance  Pois           #.......     100%        4    #####..
 Petrify                  Tmut/Erth      #.......     100%        4    #####..
 Sticky Flame             Conj/Fire      #.......     100%        4    #####..
 Summon Ice Beast         Ice/Summ       #.......     100%        4    #####..
 Summon Lightning Spire   Summ/Air       #.......     100%        4    #####..
 Alistair's Intoxication  Tmut/Pois      #.......     100%        5    ######.
 Blade Hands              Tmut           #.........   100%        5    ######.
 Excruciating Wounds      Chrm/Necr      #.........   100%        5    ######.
 Fireball                 Conj/Fire      #.........   100%        5    ######.
 Lightning Bolt           Conj/Air       #.........   100%        5    ######.
 Metabolic Englaciation   Hex/Ice        #.........   100%        5    ######.
 Venom Bolt               Conj/Pois      #.........   100%        5    ######.
 Yara's Violent Unravell  Hex/Tmut       #.........   100%        5    ######.
 Bolt of Fire             Conj/Fire      #.........   100%        6    #######
 Deflect Missiles         Chrm/Air       #.........   100%        6    #######
 Invisibility             Hex            #.......     100%        6    #######
 Malign Gateway           Summ/Tloc      #.........   100%        7    #######
 Monstrous Menagerie      Summ           #.........   100%        7    #######
 Ring of Flames           Chrm/Fire      #.........   100%        7    #######
 Summon Greater Demon     Summ           #.........   100%        7    #######
 Ignition                 Fire           #.........   100%        8    #######
 Summon Horrible Things   Summ           #.........   100%        8    #######


Dungeon Overview and Level Annotations

Branches:
Dungeon (15/15)            Temple (1/1) D:5            Lair (6/6) D:9
  Swamp (4/4) Lair:2        Snake (4/4) Lair:2        Slime (0/5) Lair:5
    Orc (2/2) D:12            Elf (3/3) Orc:2        Vaults (4/5) D:13
  Crypt (0/3) Vaults:3     Depths (0/5) D:15

Altars:
Ashenzari
Cheibriados
Dithmenos
Elyvilon
Fedhas
Gozag
Hepliaklqana
Kikubaaqudgha
Makhleb
Nemelex Xobeh
Okawaru
Qazlal
Ru
Sif Muna
Trog
Uskayaw
Vehumet
Wu Jian
Xom
Yredelemnul
Zin
The Shining One

Shops:
D:5 !   D:6 (   D:8 (   D:10 :   Orc:1 [   Orc:2 (*:[   Elf:1 *   Elf:2 [
Snake:2 %}(?   Snake:3 =   Vaults:4 [

Annotations:
D:3 1 runed translucent door, Kairos's ghost, amateur VSAs
D:7 2 runed translucent doors, exclusion: orange crystal statue
Lair:2 exclusion: 2 oklob plants
Lair:3 2 transporters, Ixoagrun's ghost, journeyman MiFi; Rupert
Lair:4 exclusion: oklob plant
Elf:2 2 runed translucent doors


Innate Abilities, Weirdness & Mutations

You are resistant to torment.
Your stone body is resilient. (AC +18)
You are immune to poison.
Your large and strong wings let you fly indefinitely.
You resist negative energy. (rN+)
You are resistant to electric shocks. (rElec)
You can survive without breathing.
You are immune to petrification.
You are immune to rotting.
You have a somewhat thin skeletal structure. (Dex +2, Stealth)
Scrolls take you a little longer to read.
You are dopey. (Int -2)


Message History

There is a large open door here.
Okay, then.
The deep elf sorcerer seems less brilliant.
The deep elf sorcerer points at you and mumbles some strange words.
The bolt of acid hits you!
* * * LOW HITPOINT WARNING * * *
The acid corrodes you!
You are splashed with acid!
* * * LOW HITPOINT WARNING * * *
Unknown command.
The deep elf sorcerer is no longer moving quickly.
Okay, then.
The deep elf sorcerer gestures at you while chanting.
The bolt of acid hits you but does no damage.
The acid corrodes you!
You are splashed with acid!
* * * LOW HITPOINT WARNING * * *
Unknown command.
Your hearing returns.
The deep elf sorcerer casts a spell at you.
The sphere of damnation explodes!
The damnation engulfs you!!!
You die...

'..####..............## #..#
#....#................## #..#
#...'.................## ##..#
#...'..................####...#
##..#.........)........'....###
#..#...........)<....#######
###..#..........).....##
....e#........e......##
###..#.........#@...##
##.[.................#
#(...'.[.............#
)(..(................#
#....##..............#
#...###########......# ....#
#......# ....# #.....## #####
#....##


You could see a deep elf sorcerer.

Vanquished Creatures
  Sojobo (Vaults:3)
  Boris (Vaults:3)
  Vashnia (Snake:3)
  Nikola (Vaults:3)
  Jorgrun (D:13)
  2 tentacled monstrosities
  2 deep elf blademasters
  Frances (Swamp:2)
  4 sphinxes (Vaults:4)
  Agnes (Elf:2)
  3 tengu reavers
  A shadow dragon (Vaults:4)
  4 thorn hunters
  Kirke (Snake:4)
  Donald (Snake:4)
  8 nagarajas
  4 frost giants
  8 vault wardens
  4 deep elf sorcerers (Elf:3)
  A fire giant (Vaults:2)
  A frost giant (shapeshifter) (Vaults:4)
  Aizul (Swamp:3)
  Louise (Snake:2)
  4 deep elf elementalists (Elf:3)
  A very ugly thing (Vaults:4)
  10 ironheart preservers
  An orc warlord (D:12)
  5 stone giants
  3 entropy weavers
  A war gargoyle (Vaults:4)
  A deep elf demonologist (Elf:3)
  5 deep elf annihilators
  A yellow draconian (Vaults:4)
  4 deep elf death magi
  4 ettins
  The ghost of vishdafish the Prestidigitator, a journeyman OpAs of Ashenzari (Orc:1)
  17 vault guards
  2 great orbs of eyes
  A fire dragon (Vaults:4)
  Erolcha (D:11)
  12 naga warriors
  Fannar (Lair:3)
  A deep elf high priest (Elf:3)
  5 ice dragons
  12 yaktaur captains
  A quicksilver dragon skeleton (Abyss:4)
  22 hydras
  2 ghost crabs
  3 rakshasas
  17 anacondas
  Erica (D:11)
  7 centaur warriors
  23 two-headed ogres
  2 death knights
  A queen ant (Lair:6)
  23 dancing weapons
  10 ogre magi
  2 shambling mangroves
  17 alligators
  A deep troll shaman (Vaults:3)
  A deep troll earth mage (Vaults:3)
  12 naga sharpshooters
  2 thrashing horrors (Abyss:4)
  9 shock serpents
  19 deep elf knights
  A wretched star (Abyss:4)
  3 salamander mystics
  5 hell knights
  4 deep trolls
  A shadow wraith (Vaults:4)
  2 flayed ghosts
  12 deep elf archers
  4 spriggan druids
  9 naga ritualists
  A glowing orange brain (shapeshifter) (Vaults:4)
  A glowing orange brain (Vaults:3)
  5 unseen horrors
  10 swamp dragons
  7 wizards
  2 phantasmal warriors (Vaults:3)
  13 ironbrand convokers
  5 necromancers
  6 mana vipers
  49 deep elf magi
  12 orc knights
  2 orc sorcerers
  19 ugly things
  3 wolf spiders
  3 manticores (D:14)
  6 cyclopes
  9 elephants
  20 vault sentinels
  31 black mambas
  9 salamanders
  A moth of wrath (Orc:1)
  19 naga magi
  Maurice (Orc:1)
  A black mamba (shapeshifter) (D:13)
  2 centaur zombies
  16 guardian serpents
  Psyche (D:9)
  A human zombie (Vaults:3)
  A smoke demon (Abyss:4)
  2 gargoyles (D:12)
  30 spiny frogs
  A spiny frog (shapeshifter) (Vaults:3)
  7 freezing wraiths
  23 yaktaurs
  3 rime drakes
  9 komodo dragons
  4 ancient zymes (Abyss:4)
  A jumping spider (shapeshifter) (Vaults:4)
  A polar bear (Lair:5)
  4 trolls
  A polar bear (shapeshifter) (Vaults:1)
  3 meliai (D:14)
  A tengu simulacrum (Vaults:3)
  13 tyrant leeches
  12 bog bodies
  35 slime creatures
  2 raiju (Abyss:4)
  12 hornets
  6 hippogriffs
  20 blink frogs
  A large abomination (Abyss:4)
  3 redbacks (Vaults:2)
  2 spriggans (shapeshifter)
  15 spriggans
  5 wraiths
  An air elemental (Elf:2)
  3 shadows
  69 yaks
  A vampire (D:12)
  A water elemental (Elf:1)
  6 wyverns
  5 basilisks
  2 hogs (Snake:4)
  A neqoxec (Abyss:4)
  A hungry ghost (D:12)
  2 fire elementals
  Grum (Lair:1)
  A chaos spawn (Abyss:4)
  17 vampire mosquitoes
  18 swamp worms
  13 wargs
  47 nagas
  An acid dragon (Vaults:1)
  18 insubstantial wisps
  18 soldier ants
  2 small abominations (Abyss:4)
  4 porcupines
  10 water moccasins
  19 swamp drakes
  A floating eye (shapeshifter) (Vaults:3)
  11 ice beasts
  A hornet zombie (D:8)
  32 orc warriors
  3 eyes of draining
  7 sky beasts
  6 black bears
  A phantom (D:11)
  2 eyes of draining (shapeshifter)
  6 centaurs
  A necrophage (D:9)
  28 wolves
  29 ogres
  A big kobold (D:8)
  5 crocodiles
  A human skeleton (Vaults:3)
  2 earth elementals
  26 bullfrogs
  A wyvern zombie (D:11)
  2 scorpions
  22 wights
  8 killer bees
  5 electric eels
  8 crimson imps
  A human simulacrum (Vaults:1)
  2 quasits
  5 bullfrog skeletons
  8 orc priests
  2 hounds
  2 jellies
  20 orc wizards
  3 centaur skeletons
  An iron imp (Orc:1)
  8 iguanas
  A merfolk avatar (Sewer)
  A merfolk siren (Sewer)
  26 worker ants
  A hound zombie (D:5)
  A hound skeleton (D:7)
  3 gnolls (D:10)
  17 adders
  4 river rats (Sewer)
  5 shadow imps
  A white imp (Orc:1)
  An ufetubus (Abyss:4)
  3 oozes
  An adder skeleton (D:5)
  A worm (D:4)
  2 dart slugs
  8 leopard geckos
  66 orcs
  6 giant cockroaches
  6 goblins
  7 hobgoblins
  7 jackals
  4 quokkas
  8 ball pythons
  13 bats
  10 frilled lizards
  3 jackal skeletons
  7 kobolds
  A leopard gecko skeleton (D:4)
  27 rats
  A briar patch (Swamp:3)
  4 crawling corpses (Elf:3)
1602 creatures vanquished.

Vanquished Creatures (others)
  3 deep elf master archers (Elf:3)
  3 ironheart preservers (Vaults:3)
  2 stone giants
  2 yaktaur captains
  3 centaur warriors
  A naga sharpshooter (Snake:3)
  A deep elf knight (Elf:3)
  An unseen horror (D:13)
  3 deep elf archers
  An ironbrand convoker (Vaults:3)
  3 cyclopes (Orc:2)
  A manticore (D:15)
  14 yaktaurs
  An air elemental (Elf:2)
  A centaur (shapeshifter) (Vaults:4)
  A centaur (D:13)
  An orc (Orc:1)
  A frilled lizard (D:1)
  A briar patch (Swamp:2)
  19 fungi
  A lurking horror (Abyss:4)
  47 plants
  11 starspawn tentacles
122 creatures vanquished.

Grand Total: 1724 creatures vanquished

Notes
Turn   | Place    | Note
-------+----------+-------------------------------------------
     0 | D:1      | GuyDeFluk the Gargoyle Fighter began the quest for the Orb.
     0 | D:1      | Reached XP level 1. HP: 14/14 MP: 1/1
   133 | D:1      | Reached XP level 2. HP: 19/19 MP: 2/2
   700 | D:1      | Reached XP level 3. HP: 24/24 MP: 3/3
  1389 | D:2      | Reached skill level 4 in Fighting
  1820 | D:2      | Reached XP level 4. HP: 28/29 MP: 4/4
  1832 | D:2      | Found a stormy altar of Qazlal.
  1923 | D:2      | Found a faded altar of an unknown god.
  2055 | D:3      | Found a runed translucent door.
  2820 | D:3      | Found a sacrificial altar of Ru.
  2924 | D:3      | Noticed Kairos's ghost (amateur VSAs)
  2947 | D:4      | Found a glowing drain.
  3010 | D:4      | Reached XP level 5. HP: 31/34 MP: 5/5
  3052 | Sewer    | Entered a sewer
  3487 | Sewer    | Reached skill level 5 in Fighting
  3585 | Sewer    | Noticed a malarious merfolk avatar
  3628 | Sewer    | Reached XP level 6. HP: 32/40 MP: 6/6
  4096 | D:5      | Entered Level 5 of the Dungeon
  4221 | D:5      | Reached XP level 7. HP: 44/45 MP: 7/7
  4271 | D:5      | Reached skill level 6 in Fighting
  4379 | D:5      | Found a staircase to the Ecumenical Temple.
  4406 | Temple   | Entered the Ecumenical Temple
  4494 | Temple   | Became a worshipper of Warmaster Okawaru
  4752 | D:5      | Reached skill level 5 in Armour
  4795 | D:5      | Reached skill level 5 in Shields
  4908 | D:5      | Reached * piety under Okawaru
  4908 | D:5      | Reached XP level 8. HP: 49/52 MP: 8/8
  4975 | D:5      | Reached skill level 7 in Fighting
  5190 | D:5      | Found Xest's Distillery.
  5237 | D:5      | Bought a potion of resistance for 110 gold pieces
  5332 | D:6      | Found a radiant altar of Vehumet.
  5334 | D:6      | Found a glowing silver altar of Zin.
  5342 | D:6      | Found a sparkling altar of Nemelex Xobeh.
  5452 | D:6      | Found Geurut's Weapon Boutique.
  5826 | D:6      | Found a blossoming altar of Fedhas.
  6165 | D:6      | Upgraded the game from 0.23.1 to 0.23.1-37-gaa34b87
  6214 | D:7      | Reached skill level 5 in Maces & Flails
  6248 | D:7      | Reached skill level 8 in Fighting
  6266 | D:7      | Reached ** piety under Okawaru
  6311 | D:7      | Reached XP level 9. HP: 51/60 MP: 9/9
  6438 | D:7      | Found a runed translucent door.
  6682 | D:7      | Found the +10 large shield of Ignorance {rN+ Int-4}
  6697 | D:7      | Found a runed translucent door.
  6704 | D:7      | Noticed an orange crystal statue
  6774 | D:8      | Found a shimmering altar of Xom.
  6813 | D:8      | Found a hazy altar of Hepliaklqana.
  6888 | D:8      | Reached skill level 9 in Fighting
  6905 | D:8      | Noticed a two-headed ogre
  6926 | D:8      | Killed a two-headed ogre
  6926 | D:8      | Reached *** piety under Okawaru
  6994 | D:8      | Found Munucwye's Weapon Boutique.
  7323 | D:8      | Found an ornate altar of the Wu Jian Council.
  7402 | D:8      | Noticed a +0 hand axe
  7402 | D:8      | Noticed a +0 hand axe
  7406 | D:8      | Found a hide-covered altar of Uskayaw.
  7834 | D:9      | Reached skill level 10 in Fighting
  7856 | D:9      | Noticed Psyche
  7864 | D:9      | Killed Psyche
  7864 | D:9      | Reached XP level 10. HP: 67/68 MP: 10/10
  7982 | D:9      | Reached **** piety under Okawaru
  8087 | D:9      | Found a glowing golden altar of the Shining One.
  8355 | D:9      | Found a snail-covered altar of Cheibriados.
  8622 | D:9      | Found a staircase to the Lair.
  8781 | D:10     | Entered Level 10 of the Dungeon
  8809 | D:10     | Found Lueqeuxt's Book Boutique.
  9119 | D:10     | Reached skill level 11 in Fighting
  9694 | D:10     | Killed an unseen horror
  9966 | D:11     | Reached ***** piety under Okawaru
 10052 | D:10     | Identified a scroll of acquirement
 10055 | D:10     | Got a dazzling eveningstar
 10056 | D:10     | Identified the +8 eveningstar "Xyzik" {flame, rPois Str+6}
                  | (You acquired it on level 10 of the Dungeon)
 10058 | D:10     | Gained mutation: You are frail. (-10% HP) [potion of
                  | mutation]
 10058 | D:10     | Gained mutation: You have a somewhat thin skeletal
                  | structure. (Dex +2, Stealth) [potion of mutation]
 10222 | D:11     | Received a gift from Okawaru
 10222 | D:11     | Reached XP level 11. HP: 67/67 MP: 11/11
 10367 | D:11     | Killed an unseen horror
 10410 | D:11     | Noticed Erica
 10429 | D:11     | Killed Erica
 10429 | D:11     | Reached skill level 12 in Fighting
 10610 | D:11     | Noticed Erolcha
 10613 | D:11     | Killed Erolcha
 10729 | Lair:1   | Entered Level 1 of the Lair of Beasts
 10737 | Lair:1   | Noticed a four-headed hydra
 10739 | Lair:1   | Noticed Grum
 10741 | Lair:1   | Received a gift from Okawaru
 10764 | D:9      | Killed a four-headed hydra
 10816 | Lair:1   | Killed Grum
 11390 | Lair:1   | Reached skill level 13 in Fighting
 11572 | Lair:1   | Reached XP level 12. HP: 75/75 MP: 12/12
 11753 | Lair:1   | Reached skill level 10 in Shields
 12257 | Lair:2   | Reached skill level 10 in Armour
 12265 | Lair:2   | Received a gift from Okawaru
 12491 | Lair:2   | Found the +3 salamander hide armour {+Rage rF++}
 12625 | Lair:2   | Noticed an eight-headed hydra
 12632 | Lair:2   | Killed an eight-headed hydra
 12758 | Lair:2   | Found a staircase to the Snake Pit.
 12807 | Lair:2   | Noticed an eight-headed hydra
 12813 | Lair:2   | Killed an eight-headed hydra
 12813 | Lair:2   | Received a gift from Okawaru
 12829 | Lair:2   | Noticed a seven-headed hydra
 12845 | Lair:2   | Killed a seven-headed hydra
 12941 | Lair:2   | Found a staircase to the Swamp.
 13198 | Lair:3   | Noticed a seven-headed hydra
 13242 | Lair:2   | Killed a seven-headed hydra
 13242 | Lair:2   | Reached skill level 14 in Fighting
 13405 | Lair:2   | Reached ****** piety under Okawaru
 13621 | Lair:3   | Noticed a six-headed hydra
 13625 | Lair:3   | Killed a six-headed hydra
 13715 | Lair:3   | Noticed Rupert
 13931 | Lair:3   | Noticed Ixoagrun's ghost (journeyman MiFi)
 13984 | Lair:3   | Found a transporter.
 13988 | Lair:3   | Found a transporter.
 14025 | Lair:3   | Noticed Fannar
 14038 | Lair:3   | Killed Fannar
 14038 | Lair:3   | Reached XP level 13. HP: 32/81 MP: 13/13
 14318 | Lair:3   | Reached skill level 10 in Maces & Flails
 14624 | Lair:3   | Cast into level 4 of the Abyss (Rupert)
 14704 | Abyss:4  | Received a gift from Okawaru
 14740 | Abyss:4  | Found a transporter.
 14741 | Abyss:4  | Found a transporter.
 14741 | Abyss:4  | Noticed a tentacled monstrosity
 14743 | Abyss:4  | Noticed a tentacled monstrosity
 14743 | Abyss:4  | Noticed a lich
 14743 | Abyss:4  | Noticed a starcursed mass
 14745 | Abyss:4  | Noticed a hellephant
 14758 | Abyss:4  | Noticed a profane servitor
 14768 | Abyss:4  | Noticed a starcursed mass
 14770 | Abyss:4  | Noticed a rakshasa
 14814 | Abyss:4  | Reached skill level 15 in Fighting
 14987 | Abyss:4  | Noticed a green draconian
 14989 | Abyss:4  | Noticed a tentacled starspawn
 14994 | Abyss:4  | Noticed a tentacled starspawn
 15003 | Abyss:4  | Found a corrupted altar of Lugonu.
 15006 | Abyss:4  | Noticed an angel
 15021 | Abyss:4  | Found a corrupted altar of Lugonu.
 15085 | Abyss:4  | Noticed a tentacled starspawn
 15092 | Abyss:4  | Gained mutation: Scrolls take you a little longer to read.
                  | [a neqoxec]
 15093 | Abyss:4  | Lost mutation: You are frail. (-10% HP) [a neqoxec]
 15243 | Abyss:5  | Entered Level 5 of the Abyss
 15243 | Abyss:5  | Entered Level 5 of the Abyss
 15243 | Abyss:5  | Entered Level 5 of the Abyss
 15244 | Abyss:5  | Noticed a starcursed mass
 15249 | Abyss:5  | Noticed a tentacled starspawn
 15262 | Lair:3   | Escaped the Abyss
 15969 | Lair:4   | Received a gift from Okawaru
 15970 | Lair:4   | Got a crude shield {god gift}
 15981 | Lair:4   | Identified the +5 shield of the Townfolk {rN+ Str+6}
                  | (Okawaru gifted it to you on level 4 of the Lair of Beasts)
 16670 | Lair:5   | Found a staircase to the Slime Pits.
 16991 | Lair:5   | You fall through a shaft!
 16991 | Lair:6   | Entered Level 6 of the Lair of Beasts
 17503 | Lair:6   | Gained mutation: Your large and strong wings let you fly
                  | indefinitely. [Gargoyle growth]
 17503 | Lair:6   | Reached XP level 14. HP: 99/99 MP: 14/14
 17533 | Lair:6   | Reached skill level 16 in Fighting
 18000 | Lair:6   | Received a gift from Okawaru
 18025 | Lair:6   | Got an encrusted crystal plate armour {god gift}
 18037 | Lair:6   | Identified the +0 crystal plate armour of Okawaru's Reproof
                  | {+Inv Dex+4} (Okawaru gifted it to you on level 6 of the
                  | Lair of Beasts)
 18656 | Lair:6   | Noticed an entropy weaver
 18661 | Lair:6   | Killed an entropy weaver
 18704 | Lair:6   | Noticed an entropy weaver
 18713 | Lair:6   | Killed an entropy weaver
 19457 | D:12     | Found a staircase to the Orcish Mines.
 19637 | D:12     | Found a frozen archway.
 19640 | D:12     | Reached skill level 17 in Fighting
 19682 | IceCv    | Entered an ice cave
 20618 | Orc:1    | Entered Level 1 of the Orcish Mines
 20618 | Orc:1    | Found a radiant altar of Vehumet.
 20662 | Orc:1    | Noticed Maurice
 20705 | Orc:1    | Killed Maurice
 21226 | Orc:1    | Got a transparent hat
 21237 | Orc:1    | Identified the +1 hat "Notaah" {-Cast MR+ Str+4 Dex+2} (You
                  | found it on level 1 of the Orcish Mines)
 21382 | Orc:1    | Noticed an orc warlord
 21445 | D:12     | Killed an orc warlord
 21445 | D:12     | Reached XP level 15. HP: 86/107 MP: 12/15
 21704 | Orc:1    | Found a transporter.
 21710 | Orc:1    | Noticed vishdafish's ghost (journeyman OpAs)
 21737 | Orc:1    | Found a transporter.
 21771 | Orc:1    | Found Yshaic's Antique Armour Boutique.
 22144 | Orc:1    | Killed vishdafish's ghost
 22255 | Orc:1    | Got a smoking golden ring
 22283 | Orc:1    | Identified the cursed ring "Hero's Friend" {rF+ EV-4 Int+4
                  | Dex+3 Stlth+} (You found it on level 1 of the Orcish Mines)
 22300 | Orc:2    | Entered Level 2 of the Orcish Mines
 22329 | Orc:2    | Found Ymohat's Antique Weapon Shoppe.
 22349 | Orc:2    | Received a gift from Okawaru
 22378 | Orc:2    | Bought a glowing mace for 120 gold pieces
 22504 | Orc:2    | Found a staircase to the Elven Halls.
 22607 | Orc:2    | Found Satumuw's Antique Armour Emporium.
 22698 | Orc:2    | Found Bitagem's Book Boutique.
 22916 | Orc:2    | Found Jahof's General Store.
 23593 | D:13     | Received a gift from Okawaru
 23696 | D:13     | Noticed Jorgrun
 23713 | D:13     | Killed Jorgrun
 23834 | D:13     | Reached skill level 18 in Fighting
 23868 | D:13     | Found a gate to the Vaults.
 24679 | D:14     | Received a gift from Okawaru
 25551 | D:15     | Entered Level 15 of the Dungeon
 26010 | D:15     | Reached XP level 16. HP: 86/116 MP: 16/16
 26159 | D:15     | Received a gift from Okawaru
 26541 | D:15     | Found a staircase to the Depths.
 26917 | Swamp:1  | Entered Level 1 of the Swamp
 27286 | Swamp:1  | Noticed a tentacled monstrosity
 27298 | Swamp:1  | Killed a tentacled monstrosity
 27328 | Swamp:1  | Reached skill level 19 in Fighting
 28161 | Swamp:2  | Found a stormy altar of Qazlal.
 28231 | Swamp:2  | Reached XP level 17. HP: 120/122 MP: 17/17
 28313 | Swamp:2  | Noticed Frances
 28321 | Swamp:2  | Killed Frances
 29441 | Swamp:3  | Noticed Aizul
 29463 | Swamp:3  | Killed Aizul
 29480 | Swamp:3  | Reached skill level 15 in Shields
 29493 | Swamp:3  | Received a gift from Okawaru
 29513 | Swamp:2  | Reached XP level 18. HP: 43/129 MP: 15/18
 29819 | Swamp:3  | Reached skill level 15 in Armour
 29995 | Swamp:3  | Reached skill level 20 in Fighting
 30580 | Swamp:4  | Entered Level 4 of the Swamp
 30781 | Swamp:3  | Received a gift from Okawaru
 31261 | Swamp:3  | Reached skill level 15 in Maces & Flails
 31745 | Swamp:4  | Received a gift from Okawaru
 32070 | Swamp:4  | Got a decaying rune of Zot
 32296 | Snake:1  | Entered Level 1 of the Snake Pit
 32680 | Snake:1  | Identified the Handbook of Feathery Good Luck
 32877 | Snake:1  | Received a gift from Okawaru
 33304 | Snake:2  | Noticed Louise
 33315 | Snake:2  | Killed Louise
 33345 | Snake:2  | Reached XP level 19. HP: 109/135 MP: 16/19
 33528 | Snake:2  | Found Ribb's Magic Scroll Shoppe.
 33530 | Snake:2  | Found Oplall's Antique Weapon Shoppe.
 33534 | Snake:2  | Found Gagap's Food Shoppe.
 33535 | Snake:2  | Found Cass's Gadget Shoppe.
 33582 | Snake:2  | Bought a scroll of enchant weapon for 105 gold pieces
 33582 | Snake:2  | Bought a scroll of teleportation for 42 gold pieces
 33582 | Snake:2  | Bought a scroll of enchant armour for 105 gold pieces
 33582 | Snake:2  | Bought a scroll of teleportation for 42 gold pieces
 33614 | Snake:2  | Bought a ration for 70 gold pieces
 33614 | Snake:2  | Bought a ration for 70 gold pieces
 33614 | Snake:2  | Bought a ration for 70 gold pieces
 33614 | Snake:2  | Bought a ration for 70 gold pieces
 34092 | Snake:3  | Found Qouh's Jewellery Emporium.
 34107 | Snake:3  | Bought an uncursed ring of protection from magic for 400
                  | gold pieces
 34107 | Snake:3  | Bought an uncursed ring of protection from cold for 400
                  | gold pieces
 34107 | Snake:3  | Bought an uncursed ring of protection from fire for 400
                  | gold pieces
 34348 | Snake:3  | Received a gift from Okawaru
 34357 | Snake:3  | Got a pair of jewelled gloves {god gift}
 34363 | Snake:3  | Identified the +0 pair of gloves of Eternity {rPois Str+10
                  | Dex+3} (Okawaru gifted it to you on level 3 of the Snake
                  | Pit)
 34601 | Snake:3  | Noticed Vashnia
 34645 | Snake:3  | Killed Vashnia
 34850 | Snake:4  | Entered Level 4 of the Snake Pit
 35389 | Snake:4  | Noticed Kirke
 35429 | Snake:4  | Killed Kirke
 35736 | Snake:4  | Received a gift from Okawaru
 35971 | Snake:4  | Noticed Donald
 36013 | Snake:4  | Killed Donald
 36013 | Snake:4  | Reached XP level 20. HP: 112/142 MP: 17/20
 36272 | Snake:4  | Got a serpentine rune of Zot
 36676 | Vaults:1 | Entered Level 1 of the Vaults
 36819 | D:13     | Reached skill level 21 in Fighting
 37907 | Vaults:1 | Received a gift from Okawaru
 39293 | Vaults:2 | Reached XP level 21. HP: 148/148 MP: 21/21
 39645 | Vaults:2 | Found a flickering gateway to a bazaar.
 39791 | Vaults:2 | Identified the Catalogue of Confrontation
 39877 | Vaults:2 | Reached XP level 22. HP: 155/155 MP: 22/22
 40133 | Vaults:2 | Received a gift from Okawaru
 40786 | Vaults:3 | Identified the +12 dagger of Perfectionism {drain, rF++}
 41189 | Vaults:3 | Noticed Boris
 41204 | Vaults:3 | Killed Boris
 41790 | Vaults:3 | Noticed Nikola
 41848 | Vaults:3 | Killed Nikola
 41953 | Vaults:3 | Found a staircase to the Crypt.
 42023 | Vaults:3 | Noticed Sojobo
 42036 | Vaults:3 | Killed Sojobo
 42099 | Vaults:3 | Upgraded the game from 0.23.1-37-gaa34b87 to
                  | 0.23.1-38-g628c18f
 42666 | Vaults:4 | Received a gift from Okawaru
 42777 | Vaults:4 | Reached XP level 23. HP: 160/160 MP: 23/23
 43280 | Vaults:4 | Found Hetzueps's Antique Armour Boutique.
 43473 | Vaults:4 | Reached skill level 22 in Fighting
 43584 | Vaults:4 | Received a gift from Okawaru
 44879 | Elf:1    | Entered Level 1 of the Elven Halls
 44886 | Orc:2    | Upgraded the game from 0.23.1-38-g628c18f to
                  | 0.23.1-41-g7e51ed3
 44912 | Elf:1    | Found a deep blue altar of Sif Muna.
 45001 | Elf:1    | Reached skill level 1 in Invocations
 45348 | Elf:1    | Found Laadumn's Luxury Loot.
 45363 | Elf:1    | Bought a +0 large shield for 76 gold pieces
 46529 | Elf:2    | Upgraded the game from 0.23.1-41-g7e51ed3 to
                  | 0.23.1-42-g8abd8fc
 46568 | Elf:2    | Found Pissoras's Antique Armour Shop.
 46643 | Elf:2    | Bought a runed helmet for 210 gold pieces
 46792 | Elf:2    | Found a large runed translucent door.
 46792 | Elf:2    | Found a large runed translucent door.
 46817 | Elf:2    | Found a large runed translucent door.
 46817 | Elf:2    | Found a large runed translucent door.
 46932 | Elf:2    | Noticed Agnes
 46939 | Elf:2    | Killed Agnes
 47112 | Elf:2    | Received a gift from Okawaru
 47130 | Elf:2    | Reached XP level 24. HP: 151/169 MP: 24/24
 47657 | Elf:3    | Entered Level 3 of the Elven Halls
 47981 | Elf:3    | Found a radiant altar of Vehumet.
 48337 | Elf:3    | Reached skill level 23 in Fighting
 48662 | Elf:3    | Gained mutation: You are dopey. (Int -2) [a neqoxec]
 49328 | Elf:3    | HP: 1/171 [acid (13)]
 49330 | Elf:3    | Killed from afar by a deep elf sorcerer

Skill      XL: |  1  2  3  4  5  6  7  8  9 10 11 12 13 14 15 16 17 18 19 20 21 22 23 24 |
---------------+-------------------------------------------------------------------------+-----
Fighting       | 4 5 6 8 10 11 13 14 15 17 18 19 20 21 22 23 | 23.2
Shields        | 4 5 6 7 8 9 11 12 13 14 15 17 18 19 | 19.4
Armour         | 4 5 6 7 8 9 11 12 13 14 15 17 19 | 19.4
Maces & Flails | 3 4 5 6 7 8 9 10 11 12 13 16 18 19 20 | 20.7
Invocations    | 1 |  1.5

Action                   |  1- 3 |  4- 6 |  7- 9 | 10-12 | 13-15 | 16-18 | 19-21 | 22-24 || total
-------------------------+-------+-------+-------+-------+-------+-------+-------+-------++-------
Melee: Flail             |   169 |   313 |       |       |       |       |       |       ||   482
       Mace              |       |    21 |   345 |   244 |       |       |       |       ||   610
       Eveningstar       |       |       |       |   270 |  1063 |   821 |   840 |   971 ||  3965
Throw: Tomahawk          |       |       |       |     3 |     3 |       |    28 |    24 ||    58
Invok: Heroism           |       |       |       |     5 |    26 |    19 |    11 |    17 ||    78
       Finesse           |       |       |       |       |       |     1 |       |       ||     1
 Abil: Evoke Invisibilit |       |       |       |       |     2 |       |       |       ||     2
       Fly               |       |       |       |       |     2 |       |       |     1 ||     3
       Stop Flying       |       |       |       |       |     1 |       |       |     2 ||     3
Evoke: Wand              |       |       |       |    11 |    19 |     2 |     2 |     4 ||    38
  Use: Potion            |     4 |     3 |     4 |     6 |     8 |     3 |     1 |     4 ||    33
       Scroll            |     3 |     6 |     6 |     9 |    20 |     4 |     5 |     8 ||    61
 Stab: Confused          |       |       |       |       |       |     1 |       |       ||     1
       Fleeing           |       |       |       |       |       |     1 |     1 |       ||     2
  Eat: Ration            |     1 |     2 |     3 |     3 |    10 |     7 |     6 |     9 ||    41
       Chunk             |       |     2 |     3 |     8 |     7 |     1 |     2 |       ||    23
Armor: Scale mail        |   112 |       |       |       |       |       |       |       ||   112
       Plate armour      |    16 |   247 |   213 |   335 |   240 |       |       |       ||  1051
       Crystal plate arm |       |       |       |       |   213 |   482 |   244 |   219 ||  1158
Dodge: Dodged            |    48 |    55 |    66 |    95 |   141 |   208 |   101 |   104 ||   818
Block: Shield            |   103 |   212 |   210 |   489 |  1094 |  1037 |   961 |   781 ||  4887
       Reflection        |       |       |       |     2 |    52 |    65 |   178 |   182 ||   479
